 Dungeon Crawl Stone Soup version 0.24.0-37-gcf1ca852f1 (webtiles) character file.

Game seed: 2682619275057952021, levelgen mode: deterministic

2695 Ahmontep the Skirmisher (level 9, -1/72 HPs)
             Began as a Mummy Wizard on Dec 3, 2019.
             Was an Initiate of Gozag.
             Killed by divine providence
             ... invoked by an orc priest
              (14 damage)
             ... on level 7 of the Dungeon.
             The game lasted 00:25:32 (8825 turns).

Ahmontep the Skirmisher (Mummy Wizard)              Turns: 8825, Time: 00:25:33

Health: -1/72      AC:  7    Str: 11    XL:     9   Next: 38%
Magic:  15/15      EV: 12    Int: 20    God:    Gozag
Gold:   467        SH:  5    Dex: 16    Spells: 5/16 levels left

rFire    x . .     SeeInvis .   s - +7 war axe of Ragnarok {chop, rC+ Dex+6}
rCold    + + .     Gourm    .   p - +0 buckler
rNeg     + + +     Faith    .   b - +0 leather armour
rPois    ∞         Spirit   .   j - +0 helmet
rElec    .         Reflect  .   (no cloak)
rCorr    .         Harm     .   h - +2 pair of gloves
MR       +....                  (no boots)
Stlth    ++........             (no amulet)
HPRegen  0.22/turn              (no ring)
MPRegen  0.14/turn              (no ring)

@: no status effects
A: no food or potions, fire vulnerability, cold resistance 1, negative energy
resistance 3, torment resistance, unbreathing
a: Potion Petition, Call Merchant, Bribe Branch, Renounce Religion


You were on level 7 of the Dungeon.
You worshipped Gozag.
Gozag was aware of your devotion.
You were not hungry.

You visited 2 branches of the dungeon, and saw 8 of its levels.

You collected 533 gold pieces.
You paid 66 gold pieces to Gozag.

Inventory:

Hand Weapons
 m - a +4 dagger of venom
 s - the +7 war axe of Ragnarok (weapon) {chop, rC+ Dex+6}
   (You found it on level 7 of the Dungeon)

   It inflicts extra damage upon your enemies.
   It affects your dexterity (+6).
   It protects you from cold.
Missiles
 g - 110 stones (quivered)
Armour
 b - a +0 leather armour (worn)
 h - a +2 pair of gloves (worn)
 j - a +0 helmet (worn)
 p - a +0 buckler (worn)
Wands
 n - a wand of flame (18)
Scrolls
 a - 2 scrolls of amnesia {unknown}
 c - 4 scrolls of identify
 d - a scroll of teleportation
 e - 2 scrolls of blinking {unknown}
 f - 3 scrolls of remove curse
 i - 2 scrolls of magic mapping
 k - 2 scrolls of enchant armour {unknown}
 l - 4 scrolls of fog {unknown}
 o - a scroll of vulnerability {unknown}
 q - a scroll of noise {unknown}
 r - a scroll of enchant weapon {unknown}


   Skills:
 + Level 7.5 Fighting
 + Level 6.2 Short Blades
 - Level 1.5 Dodging
 - Level 1.5 Stealth
 - Level 4.0 Shields
 - Level 4.0 Spellcasting
 - Level 4.0 Conjurations
 - Level 0.7 Summonings
 - Level 0.7 Translocations


You had 5 spell levels left.
You knew the following spells:

 Your Spells              Type           Power        Failure   Level  Hunger
a - Magic Dart            Conj           ###.         3%          1    N/A
b - Call Imp              Summ           #.......     19%         2    N/A
c - Blink                 Tloc           N/A          19%         2    N/A
d - Mephitic Cloud        Conj/Pois/Air  #.......     28%         3    N/A
e - Conjure Flame         Conj/Fire      ##......     22%         3    N/A

Your spell library contained the following spells:

 Spells                   Type           Power        Failure   Level  Hunger
 Slow                     Hex            #.......     26%         2    N/A
 Sticks to Snakes         Tmut           #.......     26%         2    N/A
 Beastly Appendage        Tmut           Unusable     N/A         1    N/A
 Spider Form              Tmut/Pois      Unusable     N/A         3    N/A
 Ice Form                 Ice/Tmut       Unusable     N/A         4    N/A
 Blade Hands              Tmut           Unusable     N/A         5    N/A

Dungeon Overview and Level Annotations

Branches:
Dungeon (7/15)             Temple (1/1) D:5

Altars:
Dithmenos
Fedhas
Gozag
Nemelex Xobeh
Okawaru
Qazlal
Uskayaw
Vehumet
Yredelemnul
Zin

Shops:
D:4 (   D:5 %

Annotations:
D:5 exclusion: statue
D:7 Menkaure


Innate Abilities, Weirdness & Mutations

You do not eat or drink.
Your flesh is vulnerable to fire.
You are immune to poison.
Your flesh is cold resistant. (rC+)
You are immune to negative energy. (rN+++)
You are immune to unholy pain and torment.
You can survive without breathing.


Message History

You hit the orc warrior but do no damage.
The orc warrior closely misses you. x2
Your leather armour prevents you from hitting the orc warrior.
The orc priest miscasts a cantrip.
The orc warrior hits you with a +0 mace of protection!
You hit the orc warrior.
The orc warrior is lightly wounded.
You closely miss the orc. The orc warrior barely misses you. The orc hits you.
You closely miss the orc warrior.
The orc warrior is lightly wounded.
You hit the orc.
The orc warrior hits you with a +0 mace of protection!
The orc priest invokes the aid of Beogh against you.
Beogh smites you!
* * * LOW HITPOINT WARNING * * *
The orc closely misses you.
The orc priest calls down the wrath of Beogh upon you.
Beogh smites you!
You die...
Your body crumbles into a pile of gold.

#...>...... ##
#.......... #..
#$......... #...
##..........$
#.#.####[.)........
#.......(..........
##......$..#...#...
#....<>.....!.....
#.....@o.###......
#.....o..# #.###.
#.....o..... .# ..#
##.........$# .
.... ....#.........
...#
###.##.......>.
#g.# .. #.......##
..#..g# ..
#...$...# .......
..... $ ...#..


You could see an orc warrior, an orc priest and an orc.

Vanquished Creatures
  A hippogriff (D:7)
  Eustachio (D:4)
  A human (D:7)
  4 hogs (D:7)
  A hornet zombie (D:6)
  An orc warrior (D:7)
  A sky beast (D:6)
  A black bear (D:6)
  2 ogres
  A phantom (D:7)
  2 centaurs
  A big kobold (D:7)
  3 bullfrogs (D:6)
  A scorpion (D:6)
  5 killer bees (D:6)
  2 howler monkeys
  2 hounds
  3 orc wizards
  An iguana (D:5)
  A hound skeleton (D:5)
  A worker ant zombie (D:5)
  3 adders
  7 gnolls
  A shadow imp (D:5)
  An adder zombie (D:5)
  2 adder skeletons (D:4)
  3 worms
  6 dart slugs
  3 leopard geckos
  13 orcs
  10 bats
  6 giant cockroaches
  7 goblins
  8 hobgoblins
  4 jackals
  4 quokkas
  3 ball pythons
  6 frilled lizards
  8 kobolds
  A quokka skeleton (D:5)
  8 rats
140 creatures vanquished.

Vanquished Creatures (collateral kills)
  A phantom (D:4)
  2 gnolls (D:3)
  3 adders (D:2)
  A rat (D:2)
7 creatures vanquished.

Grand Total: 147 creatures vanquished

Notes
Turn   | Place    | Note
-------+----------+-------------------------------------------
     0 | D:1      | Ahmontep the Mummy Wizard began the quest for the Orb.
     0 | D:1      | Reached XP level 1. HP: 13/13 MP: 5/5
    90 | D:1      | Reached skill level 1 in Conjurations
   584 | D:1      | Reached XP level 2. HP: 19/19 MP: 2/7
  1373 | D:1      | Learned a level 2 spell: Call Imp
  1376 | D:1      | Learned a level 2 spell: Blink
  1382 | D:2      | Reached XP level 3. HP: 17/24 MP: 3/8
  2156 | D:2      | Reached XP level 4. HP: 30/30 MP: 5/10
  2350 | D:3      | Found an iron altar of Okawaru.
  2858 | D:3      | Learned a level 3 spell: Mephitic Cloud
  2862 | D:3      | Learned a level 3 spell: Conjure Flame
  2918 | D:3      | Reached XP level 5. HP: 32/35 MP: 11/11
  2953 | D:3      | Found a basalt altar of Yredelemnul.
  3045 | D:3      | Found a hide-covered altar of Uskayaw.
  3343 | D:4      | Found a sparkling altar of Nemelex Xobeh.
  3429 | D:4      | Found Qourof's Antique Weapon Shop.
  3671 | D:4      | Noticed a phantom
  3682 | D:4      | Reached skill level 1 in Fighting
  3682 | D:4      | Reached skill level 1 in Short Blades
  3756 | D:4      | Killed a phantom
  3756 | D:4      | Reached skill level 2 in Fighting
  3941 | D:4      | Reached XP level 6. HP: 39/45 MP: 12/12
  4345 | D:4      | Noticed Eustachio
  4370 | D:4      | Killed Eustachio
  4370 | D:4      | Reached skill level 3 in Fighting
  4465 | D:5      | Entered Level 5 of the Dungeon
  4793 | D:5      | Found a radiant altar of Vehumet.
  5098 | D:5      | Reached XP level 7. HP: 37/52 MP: 13/13
  5205 | D:5      | Found Qostabeu's Food Boutique.
  5294 | D:5      | Reached skill level 4 in Fighting
  5542 | D:5      | Found a staircase to the Ecumenical Temple.
  5616 | Temple   | Entered the Ecumenical Temple
  5631 | Temple   | Became a worshipper of Gozag Ym Sagoz the Greedy
  6369 | D:6      | Reached skill level 1 in Shields
  6718 | D:6      | Reached skill level 5 in Fighting
  6718 | D:6      | Reached XP level 8. HP: 62/62 MP: 11/14
  7537 | D:7      | Noticed a hippogriff
  7539 | D:7      | Noticed Menkaure
  7615 | D:6      | Reached skill level 6 in Fighting
  7615 | D:6      | Reached skill level 5 in Short Blades
  8136 | D:7      | Reached XP level 9. HP: 64/71 MP: 11/15
  8158 | D:7      | Reached skill level 7 in Fighting
  8566 | D:7      | Got a twisted war axe
  8817 | D:6      | Identified the +7 war axe of Ragnarok {chop, rC+ Dex+6}
                  | (You found it on level 7 of the Dungeon)
  8825 | D:7      | Killed from afar by an orc priest

Levels and vault maps discovered:
D:1:      eino_arrival_tree_alley, layout_rooms, minivault_27
D:2:      minmay_inner_zag, layout_basic
D:3:      layout_basic, okawaru_metal_pillars_3, nicolae_overflow_hidden_temple,
          first_ration
D:4:      layout_loops_ring, lemuel_crystal_altar, serial_shops, shop,
          uniq_eustachio
D:5:      layout_layer_cave, vehumet_statue,
          minmay_temple_entry_enclosed_plants, serial_shops, shop,
          corexii_leaking_fountain
D:6:      layout_basic, lemuel_flamethrower_2
D:7:      layout_rooms, grunt_livestock, amethyst_killhole, uniq_menkaure
Temple:   nicolae_temple_hex_pool

Skill      XL: |  1  2  3  4  5  6  7  8  9 |
---------------+----------------------------+-----
Conjurations   | 1 2 3 4 |  4.0
Fighting       | 2 3 5 6 7 |  7.5
Short Blades   | 1 3 4 5 6 |  6.2
Shields        | 1 3 4 |  4.0
Dodging        | |  1.5
Stealth        | |  1.5
Spellcasting   | |  4.0
Summonings     | |  0.7
Translocations | |  0.7

Action                   |  1- 3 |  4- 6 |  7- 9 || total
-------------------------+-------+-------+-------++-------
Melee: Unarmed           |    14 |       |       ||    14
       Dagger            |       |   157 |   194 ||   351
       War axe           |       |       |     5 ||     5
 Fire: Hunting sling     |    87 |     5 |       ||    92
 Cast: Magic Dart        |    75 |    12 |       ||    87
       Call Imp          |     8 |    11 |     4 ||    23
       Mephitic Cloud    |       |       |    10 ||    10
       Conjure Flame     |       |       |     5 ||     5
  Use: Scroll            |     2 |     3 |       ||     5
 Stab: Sleeping          |       |     3 |       ||     3
       Confused          |       |       |     4 ||     4
       Distracted        |       |       |     2 ||     2
Armor: Robe              |    37 |    14 |       ||    51
       Leather armour    |       |    50 |    57 ||   107
Dodge: Dodged            |    65 |    96 |   101 ||   262
Block: Buckler           |       |       |    33 ||    33
